woodfighter, chaotic female elven Rogue ------- ------ ------ ---------- |.....| --....-- -------- |....| #-........| --------.....| #.......|######+......--- |.....# ###|........| #.............| #|......|######|........| |....|# # ----.----- #|............| #|......|# #.........| -.-+--#### # #|.............######--....--# |..*.....| # ## # #---|---------- ##------## |........| # # ### ######### ############ ---......| # # # # # # -.------ G# # # ### # ### # -^-Z- # # # # # # --.@f-- ` ## # ### # ### ### |.....| `## --.--########### # # # # |.....| # |...|# ------# ######### # ##` ### |.....| ###|*..-### |.....# --------------# # # ### --...-- #..>.|# # |....|#######..............# ###-.---.- ----- |...|# ##...<(| |............| #-.....| |..(|# ------ |......*.(...| |.....| -----` -------------- ------- woodfighter the Cutpurse Experience level: 5 Strength: 9 Dexterity: 19 Constitution: 12 Intelligence: 10 Wisdom: 13 Charisma: 13 Health: 0(29) Energy: 22(22) Def: 3 Gold: 577 Moves: 2643 Dungeon seed: Vh9-jsRquhV1pMnH Game ID: woodfighter_1515894518 Your Inventory: Coins $ - 577 gold pieces Weapons a - a blessed +0 elven short sword (weapon in hand) U - 12 +0 elven daggers (in quiver) Armor e - an uncursed +1 leather armor (being worn) q - a cursed +0 helm of telepathy z - a cursed +1 pair of leather gloves Comestibles k - an uncursed eucalyptus leaf u - 3 cursed eucalyptus leaves v - 4 cursed sprigs of wolfsbane F - 2 uncursed sprigs of wolfsbane P - an uncursed candy bar Scrolls D - an uncursed scroll of magic mapping E - an uncursed scroll of teleportation Wands h - a wand of opening (0:3) m - a cursed wand of sleep (0:8) r - a wand of cold (0:8) Tools g - an uncursed blindfold y - an uncursed lock pick C - an uncursed stethoscope Spells and supernatural/magical abilities: Name Level Category Fail Memory W - pray for help -- divine ? -- Your skills at the end: Miscellaneous Skills wands [Basic] Weapon Skills dagger [Basic] short sword [Basic] Spellcasting Skills Final Attributes: You were piously aligned. You were sleep resistant. You had infravision. You were stealthy. You are dead. Vanquished creatures: a blue jelly a fog cloud a gnome lord an elf zombie 2 ghouls a floating eye a kitten 2 iguanas a jitterbug a werejackal 2 coyotes a large kobold a gecko a hobgoblin a giant rat a cave spider a yellow mold 4 jackals a fox 3 newts 6 grid bugs 8 lichens a kobold zombie 43 creatures vanquished. Voluntary challenges: You did not adorn yourself with jewelry or accessories. You did not cause conflict. You were not invisible. You did not have reflection. You were not displaced. You had been an atheist until turn 2248. You used a wielded weapon 59 times, starting on turn 1. You did not apply a unicorn horn. You did not use plumbed fixtures. You did not drink any magical draughts. You were illiterate. You never genocided any monsters. You never polymorphed an object. You never changed form. You used no wishes. You never split a pudding. You never wrote Elbereth's name. You never violated your personal moral code. Dungeon overview: The Dungeons of Doom: levels 1 to 6 Level 1 some fountains a long staircase Level 2 Level 3 a fountain Level 4 a potion shop, a fountain stairs to The Gnomish Mines Level 5 Level 6 <- You were here The Gnomish Mines: Level 5 stairs to The Dungeons of Doom History has recorded: On T:1 you entered the Dungeons of Doom to retrieve the Amulet of Yendor! On T:405 you reached level 2 of The Dungeons of Doom. On T:457 you reached level 3 of The Dungeons of Doom. On T:662 you advanced to experience level 2. On T:1069 you advanced to experience level 3. On T:1125 you reached level 4 of The Dungeons of Doom. On T:1380 you reached level 5 of The Dungeons of Doom. On T:1441 you advanced to experience level 4. On T:1447 you reached level 1 of The Gnomish Mines. On T:1884 you reached level 6 of The Dungeons of Doom. On T:2248 you prayed to Kos. On T:2306 you advanced to experience level 5. Score breakdown: Gold: 577 ( 57 points) Experience: 5 levels ( 400 points) Exploration: 6 levels ( 150 points) Discoveries: 8 items ( 400 points) Variety of kills: 23 monsters ( 1150 points) Major goal: (nothing yet) ( 0 points) Survival: died (score multiplied by 3) Total score: 6471 Latest messages: You kill the grid bug! The door resists! The door opens. You stop exploring. You throw 2 elven daggers. The 1st elven dagger hits the elf zombie! The 2nd elven dagger hits the elf zombie! You destroy the elf zombie! You feel more chaotic. U - 2 +0 elven daggers (in quiver). $ - 193 gold pieces. You stab the elf zombie! The elf zombie scratches you! The gnome lord zaps a wand of magic missile! The magic missile hits the gnome lord. The magic missile hits you! The magic missile bounces! (2x) You hear some noises. The gnome lord zaps a marble wand! The gnome lord has made a hole in the floor. The gnome lord falls through... Kitty bites the elf zombie. The elf zombie scratches you! The gnome lord zaps a wand of magic missile! The magic missile hits you! You die... Final status: Goodbye woodfighter the Rogue, killed by a magic missile... You died in The Dungeons of Doom on dungeon level 6 with 6471 points, and 577 pieces of gold, after 2643 moves. You were level 5 with a maximum of 29 hit points when you died.